[Event "Titled Tuesday Blitz February 28 Late 2023"]
[White "Florescu, Codrut-Constantin"]
[Black "Aung Thant Zin"]
[WhiteFideId "1202200"]
[BlackFideId "13000063"]
[WhiteElo "2191"]
[BlackElo "2278"]
[Result "1-0"]
[Round "05"]
[TimeControl "180+2"]
[Date "2023.02.28"]
[WhiteClock "0:00:19"]
[BlackClock "0:00:01"]

1. e4 c5 2. Nf3 Nc6 3. d3 Nf6 4. g3 e6 5. Bg2 d5 6. Nbd2 dxe4 7. dxe4 Be7 8. O-O O-O 9. c3 Rb8 10. Re1 b6 11. e5 Nd5 12. Ne4 Bb7 13. Qc2 Qc7 14. Neg5 Bxg5 15. Nxg5 g6 16. f4 Nce7 17. Ne4 f5 18. exf6 Nxf6 19. Ng5 Bxg2 20. Qxg2 Qb7 21. Rxe6 Qxg2+ 22. Kxg2 Nf5 23. Nf3 Rbd8 24. Re1 Rd3 25. Ne5 Rd5 26. a4 Rfd8 27. Kf3 Kg7 28. Be3 Nxe3 29. Rxe3 Rd2 30. Re2 R8d5 31. a5 b5 32. a6 Rd6 33. Ra5 Rxe2 34. Kxe2 Rb6 35. Ra1 Nd5 36. Rd1 Nf6 37. g4 Rxa6 38. g5 Ne4 39. Rd7+ Kf8 40. Ke3 Nd6 41. Rxh7 Nf5+ 42. Ke4 Ra2 43. Nxg6+ Kg8 44. Rh8+ Kg7 45. Kxf5 Rxb2 46. Rb8 1-0


[Site "https://www.chess.com"]

[Event "Titled Tuesday Blitz February 28 Late 2023"]
[White "Ibarra Jerez, Jose Carlos"]
[Black "Ristic, Nebojsa B"]
[WhiteFideId "2226332"]
[BlackFideId "935468"]
[WhiteElo "2638"]
[BlackElo "2303"]
[Result "1-0"]
[Round "05"]
[TimeControl "180+2"]
[Date "2023.02.28"]
[WhiteClock "0:00:41"]
[BlackClock "0:01:18"]

1. e4 Nc6 2. Nf3 d6 3. d4 Nf6 4. Nc3 g6 5. Be3 Bg7 6. Qd2 O-O 7. Bh6 e5 8. d5 Ne7 9. h4 Bg4 10. Ng1 c6 11. f3 Bd7 12. dxc6 Bxc6 13. h5 d5 14. hxg6 fxg6 15. exd5 Nexd5 16. Bc4 Kh8 17. Bxg7+ Kxg7 18. Qh6+ Kh8 19. O-O-O Qa5 20. Nxd5 Bxd5 21. Rxd5 Qb4 22. Rd7 Qe1+ 23. Rd1 Qb4 24. Bb3 Rfd8 25. Ne2 a5 26. Rxd8+ Rxd8 27. c3 Qb6 28. Qxg6 Qe3+ 29. Kb1 a4 30. Qxf6# 1-0


[Site "https://www.chess.com"]

[Event "Titled Tuesday Blitz February 28 Late 2023"]
[White "Ferreira, Vitor Hugo Vieira"]
[Black "Bernadskiy, Vitaliy"]
[WhiteFideId "2119765"]
[BlackFideId "14100371"]
[WhiteElo "2146"]
[BlackElo "2488"]
[Result "0-1"]
[Round "05"]
[TimeControl "180+2"]
[Date "2023.02.28"]
[WhiteClock "0:00:16"]
[BlackClock "0:00:22"]

1. Nf3 Nf6 2. g3 g6 3. Bg2 Bg7 4. O-O O-O 5. c4 d6 6. d4 Nbd7 7. Nc3 a6 8. e4 e5 9. h3 b5 10. dxe5 dxe5 11. cxb5 axb5 12. Bg5 c6 13. Qd6 h6 14. Bxf6 Qxf6 15. Rfd1 Ra6 16. Qxf6 Bxf6 17. a3 Kg7 18. Bf1 Nc5 19. Rd6 Be7 20. Rdd1 Nb3 21. Rab1 Bf6 22. a4 Nd4 23. Nxd4 exd4 24. axb5 dxc3 25. bxa6 c2 26. Rdc1 cxb1=Q 27. Rxb1 Be6 28. b4 Bd4 29. Rc1 Rc8 30. Kg2 c5 31. b5 c4 32. f4 f5 33. Kf3 Bb6 34. Rd1 c3 35. Bd3 Kf6 36. g4 Bb3 37. e5+ Ke7 38. gxf5 Bxd1+ 39. Ke4 c2 40. f6+ Kf8 41. e6 c1=Q 42. e7+ Kf7 43. Ke5 Qe3+ 44. Be4 Qd4# 0-1


[Site "https://www.chess.com"]

[Event "Titled Tuesday Blitz February 28 Late 2023"]
[White "Lawson, Eric"]
[Black "Melkumyan, Hrant"]
[WhiteFideId "2604116"]
[BlackFideId "13302485"]
[WhiteElo "2509"]
[BlackElo "2604"]
[Result "0-1"]
[Round "05"]
[TimeControl "180+2"]
[Date "2023.02.28"]
[WhiteClock "0:00:03"]
[BlackClock "0:01:11"]

1. e4 c6 2. d4 d5 3. e5 Bf5 4. Nf3 e6 5. Be2 Ne7 6. O-O c5 7. dxc5 Nec6 8. c4 d4 9. Qb3 d3 10. Rd1 Nd7 11. Qxb7 dxe2 12. Rxd7 Qxd7 13. Qxa8+ Nd8 14. Bd2 Bxc5 15. Nc3 O-O 16. Qb8 Nb7 17. Qxf8+ Bxf8 18. Nxe2 Be4 19. Ned4 Nc5 20. Be3 Qb7 21. b3 h6 22. h3 Nd3 23. Rd1 a5 24. Kf1 a4 25. Ke2 Nc5 26. Nb5 axb3 27. Bxc5 Bxc5 28. axb3 Qa8 29. Nc3 Bxf3+ 30. gxf3 Qb8 31. f4 Qxb3 32. Ne4 Qxc4+ 33. Kf3 Qb3+ 34. Ke2 Bb6 35. Rd7 Qc4+ 36. Kf3 Qb3+ 37. Kg4 Qb5 38. Re7 Qe2+ 39. f3 Qg2+ 40. Kh4 Bf2+ 41. Nxf2 Qxf2+ 42. Kg4 Qg2+ 43. Kh4 g5+ 44. Kh5 gxf4 45. Re8+ Kg7 46. h4 Qg6# 0-1


[Site "https://www.chess.com"]

[Event "Titled Tuesday Blitz February 28 Late 2023"]
[White "Oro, Faustino"]
[Black "ArchibaldCerveza29"]
[WhiteFideId "20000197"]
[WhiteElo "1984"]
[BlackElo "2505"]
[Result "1-0"]
[Round "05"]
[TimeControl "180+2"]
[Date "2023.02.28"]
[WhiteClock "0:00:03"]
[BlackClock "0:00:01"]

1. e4 e5 2. Nf3 Nc6 3. Bb5 g6 4. O-O Bg7 5. c3 a6 6. Ba4 Nge7 7. Re1 b5 8. Bc2 O-O 9. d4 exd4 10. cxd4 d5 11. e5 Bg4 12. Be3 f6 13. exf6 Rxf6 14. Nbd2 Qd6 15. h3 Bf5 16. Bg5 Rf7 17. Bxe7 Nxe7 18. Ne5 Rff8 19. Ndf3 Rae8 20. Bb3 Kh8 21. Qd2 Be4 22. Ng5 Bxe5 23. dxe5 Qxe5 24. f3 Rf5 25. h4 Rf4 26. fxe4 dxe4 27. Nf7+ Rxf7 28. Bxf7 Rf8 29. Rf1 Nf5 30. Bb3 Qc5+ 31. Qf2 e3 32. Qe2 Rd8 33. Rac1 Qb6 34. Rfd1 Nd4 35. Qxe3 Ne2+ 36. Kf2 Rf8+ 37. Kxe2 1-0


[Site "https://www.chess.com"]

[Event "Titled Tuesday Blitz February 28 Late 2023"]
[White "Filgueira, Hernan"]
[Black "Fiorito, Francisco"]
[WhiteFideId "101770"]
[BlackFideId "180165"]
[WhiteElo "2363"]
[BlackElo "2341"]
[Result "0-1"]
[Round "05"]
[TimeControl "180+2"]
[Date "2023.02.28"]
[WhiteClock "0:01:07"]
[BlackClock "0:01:23"]

1. c4 Nf6 2. Nc3 d5 3. cxd5 Nxd5 4. g3 g6 5. Bg2 Nxc3 6. bxc3 Bg7 7. Rb1 c6 8. h4 h5 9. Nf3 O-O 10. O-O Nd7 11. Qc2 Nc5 12. d3 Be6 13. Be3 b6 14. Bxc5 bxc5 15. Ng5 Bd7 16. Ne4 Qa5 17. Rb7 Rfd8 18. c4 Rab8 19. Rfb1 Rxb7 20. Rxb7 Bd4 21. Qb1 Kg7 22. e3 Be5 23. f4 Bf6 24. Nxf6 exf6 25. Rb2 Bf5 26. e4 Bg4 27. Qc2 Qe1+ 28. Kh2 Qe3 29. Rb3 Be2 30. Qb2 Bxd3 31. e5 fxe5 32. fxe5 Rd4 33. e6 fxe6 34. Rb7+ Kh6 35. Rxa7 Qe5 36. Qb7 Rxh4+ 37. Bh3 Qe2+ 38. Kg1 Qe3+ 39. Kh2 Qf2+ 0-1


[Site "https://www.chess.com"]

[Event "Titled Tuesday Blitz February 28 Late 2023"]
[White "Bjelobrk, Igor"]
[Black "Toncheva, Nadya"]
[WhiteFideId "4300726"]
[BlackFideId "2924056"]
[WhiteElo "2335"]
[BlackElo "2101"]
[Result "1-0"]
[Round "05"]
[TimeControl "180+2"]
[Date "2023.02.28"]
[WhiteClock "0:00:28"]
[BlackClock "0:00:04"]

1. d4 d5 2. c4 dxc4 3. Nf3 Nf6 4. e3 Bg4 5. Bxc4 e6 6. h3 Bh5 7. Nc3 a6 8. g4 Bg6 9. Ne5 Nbd7 10. Nxg6 hxg6 11. Qf3 c6 12. Bd2 Be7 13. O-O-O Nd5 14. Kb1 b5 15. Bb3 Qb6 16. e4 Nxc3+ 17. Bxc3 b4 18. Be1 Bf6 19. e5 Be7 20. Ba4 Rc8 21. Ka1 Bh4 22. Qe4 O-O 23. f4 Bxe1 24. Rhxe1 Rfd8 25. f5 Nf8 26. f6 c5 27. Qf4 cxd4 28. Rf1 Rc7 29. h4 Qa5 30. Bb3 Rdc8 31. h5 gxh5 32. gxh5 Nh7 33. Rg1 Kh8 34. fxg7+ Kg8 35. Qxd4 Qc5 36. Qxc5 Rxc5 37. Rde1 R5c7 38. h6 Rc5 39. Kb1 R5c7 40. Rg4 Rc5 41. Rxb4 a5 42. Rd4 Ng5 43. Red1 Nf3 44. Rd8+ Kh7 45. g8=Q+ 1-0


[Site "https://www.chess.com"]

[Event "Titled Tuesday Blitz February 28 Late 2023"]
[White "Balla, Tamas-Kristof"]
[Black "Diaz Perez, Michel Alejandro"]
[WhiteFideId "1208497"]
[BlackFideId "3517179"]
[WhiteElo "2334"]
[BlackElo "2333"]
[Result "0-1"]
[Round "05"]
[TimeControl "180+2"]
[Date "2023.02.28"]
[WhiteClock "0:00:18"]
[BlackClock "0:00:43"]

1. e4 d5 2. exd5 Nf6 3. d4 Bg4 4. Be2 Bxe2 5. Qxe2 Qxd5 6. Nf3 e6 7. Nc3 Bb4 8. O-O Bxc3 9. bxc3 O-O 10. Ne5 Nbd7 11. Bf4 Nb6 12. a4 Qe4 13. Qd2 Nbd5 14. Bg3 Rfd8 15. Nd3 b6 16. Rfe1 Qf5 17. Re5 Qg6 18. Rae1 h6 19. h4 Nh5 20. Bh2 Ndf6 21. Qe2 Ng4 22. Re4 Nxh2 23. Kxh2 Nf6 24. Re3 Ng4+ 25. Kg1 Nxe3 26. Qxe3 Rd5 27. Ne5 Qxc2 28. Qf3 Qf5 29. Qg3 c5 30. Re3 cxd4 31. cxd4 Rxd4 32. Rf3 Qb1+ 33. Kh2 Qe4 34. Nxf7 Qxh4+ 35. Qxh4 Rxh4+ 36. Kg3 Rxa4 37. Ne5 a5 38. Ng6 Rb4 39. Ne5 a4 40. Ra3 Rb3+ 0-1


[Site "https://www.chess.com"]

[Event "Titled Tuesday Blitz February 28 Late 2023"]
[White "Prydun, Andriy"]
[Black "Melikyan, Gnel"]
[WhiteFideId "14145898"]
[BlackFideId "54109990"]
[WhiteElo "2164"]
[BlackElo "2138"]
[Result "0-1"]
[Round "05"]
[TimeControl "180+2"]
[Date "2023.02.28"]
[WhiteClock "0:00:02"]
[BlackClock "0:00:07"]

1. e4 e6 2. d3 d5 3. Nd2 Nf6 4. Ngf3 b6 5. Qe2 Bb7 6. e5 Nfd7 7. c3 c5 8. h4 Nc6 9. Nb3 a5 10. Bf4 a4 11. Nbd2 b5 12. a3 b4 13. h5 h6 14. Rh4 Qb6 15. Rb1 Ba6 16. Be3 Qb7 17. Bf4 Rb8 18. Qd1 Nb6 19. Bg3 Rd8 20. Be2 Bb5 21. Qc2 Ba6 22. Kf1 g5 23. hxg6 fxg6 24. Rg4 g5 25. Ne1 Bg7 26. d4 Bxe2+ 27. Kxe2 cxd4 28. Qg6+ Qf7 29. Qxf7+ Kxf7 30. cxd4 Kg6 31. Nd3 h5 32. Nf4+ Kf5 33. Rxg5+ Kxg5 34. Nf3+ Kh6 35. Rh1 Kh7 36. Bh4 Rde8 37. Ng5+ Kg8 38. Ngxe6 Nxe5 39. dxe5 Bxe5 40. f3 bxa3 41. Kf2 axb2 42. Bg5 a3 0-1


[Site "https://www.chess.com"]

[Event "Titled Tuesday Blitz February 28 Late 2023"]
[White "Kleiman, Jake"]
[Black "Caspi, Israel"]
[WhiteFideId "2020041"]
[BlackFideId "2807394"]
[WhiteElo "2488"]
[BlackElo "2419"]
[Result "1-0"]
[Round "05"]
[TimeControl "180+2"]
[Date "2023.02.28"]
[WhiteClock "0:00:38"]
[BlackClock "0:00:56"]

1. e4 e5 2. Nf3 Nc6 3. Bc4 Nf6 4. d3 h6 5. O-O d6 6. a4 g5 7. c3 g4 8. Ne1 h5 9. Bg5 Bh6 10. Bh4 Rg8 11. Nc2 Bg5 12. Bxg5 Rxg5 13. Ne3 Ne7 14. f4 exf4 15. Rxf4 Ng6 16. Rf1 Be6 17. Nd2 Qe7 18. Nf5 Bxf5 19. exf5 Ne5 20. Re1 Rxf5 21. d4 O-O-O 22. Qc2 Rg5 23. Bf1 h4 24. dxe5 dxe5 25. Ne4 Nxe4 26. Qxe4 h3 27. g3 Qc5+ 28. Qe3 Qxe3+ 29. Rxe3 Rd2 30. Re2 Rd6 31. Rae1 f6 32. Rf2 Kd7 33. Re4 Ke6 34. Bc4+ Ke7 35. Be2 Rd2 36. Bxg4 Rxf2 37. Kxf2 f5 38. Rxe5+ Kf6 39. Rxf5+ Rxf5+ 40. Bxf5 Kxf5 41. Kf3 1-0


[Site "https://www.chess.com"]

[Event "Titled Tuesday Blitz February 28 Late 2023"]
[White "Molenda, Marcin"]
[Black "Gerzhoy, Leonid"]
[WhiteFideId "1173065"]
[BlackFideId "2806126"]
[WhiteElo "2286"]
[BlackElo "2622"]
[Result "1/2-1/2"]
[Round "05"]
[TimeControl "180+2"]
[Date "2023.02.28"]
[WhiteClock "0:01:19"]
[BlackClock "0:00:32"]

1. e4 d6 2. d4 Nf6 3. Nc3 e5 4. Nf3 Nc6 5. d5 Ne7 6. h3 g6 7. Be3 Bg7 8. Bb5+ c6 9. dxc6 bxc6 10. Bc4 O-O 11. O-O d5 12. Bc5 Be6 13. Nxe5 Nxe4 14. Nxe4 Bxe5 15. Ng5 dxc4 16. Qxd8 Rfxd8 17. Bxe7 Rd2 18. Rae1 Bxb2 19. Nxe6 fxe6 20. Rxe6 Rxc2 21. Rxc6 Bd4 22. Bc5 Bxc5 23. Rxc5 Re8 24. Rd1 Re7 25. a4 c3 26. Rd3 Re1+ 27. Kh2 Rxf2 28. Rd7 Rf7 29. Rxf7 Kxf7 30. Rxc3 Re4 31. Rc7+ Re7 32. Rc6 Re6 33. Rc7+ Re7 34. Rc6 Re6 35. Rc7+ Re7 1/2-1/2


[Site "https://www.chess.com"]

[Event "Titled Tuesday Blitz February 28 Late 2023"]
[White "Sokac, Marko"]
[Black "Fiorito, Joaquin"]
[WhiteFideId "14531356"]
[BlackFideId "180173"]
[WhiteElo "2355"]
[BlackElo "2157"]
[Result "0-1"]
[Round "05"]
[TimeControl "180+2"]
[Date "2023.02.28"]
[WhiteClock "0:00:04"]
[BlackClock "0:00:13"]

1. e4 c6 2. Nc3 d5 3. d3 g6 4. h4 h5 5. f4 Bg7 6. Bd2 Nh6 7. Nf3 Ng4 8. e5 Bf5 9. d4 a6 10. Bd3 Bxd3 11. cxd3 e6 12. Qb3 b5 13. a4 Nd7 14. O-O O-O 15. Rfc1 Qb6 16. a5 Qa7 17. Ne2 c5 18. Be1 Rfc8 19. Bf2 c4 20. Qd1 Bf8 21. Kf1 Qb7 22. Bg1 b4 23. Nh2 Nh6 24. Nf3 Nf5 25. Rc2 Qb5 26. dxc4 dxc4 27. d5 exd5 28. Nfd4 Nxd4 29. Nxd4 Qb7 30. e6 Nc5 31. g4 Bg7 32. gxh5 Ne4 33. hxg6 fxg6 34. h5 Rf8 35. Be3 Qe7 36. Rg2 Qh4 37. Kg1 Rf6 38. hxg6 Raf8 39. e7 Re8 40. Nf3 Qh3 41. Qxd5+ Qe6 42. Qh5 Rxe7 43. Qh7+ Kf8 44. Nd4 Qd5 45. Rd1 Nc5 46. Bf2 Nd3 47. Nf3 Qxf3 48. Rf1 Nxf4 49. Rg3 Ne2+ 50. Kh2 Nxg3 0-1


[Site "https://www.chess.com"]

[Event "Titled Tuesday Blitz February 28 Late 2023"]
[White "Drnovsek, Gal"]
[Black "Liu, Eric"]
[WhiteFideId "14607077"]
[BlackFideId "30960240"]
[WhiteElo "2293"]
[BlackElo "2094"]
[Result "1-0"]
[Round "05"]
[TimeControl "180+2"]
[Date "2023.02.28"]
[WhiteClock "0:01:33"]
[BlackClock "0:01:07"]

1. e4 c5 2. c3 g6 3. d4 cxd4 4. cxd4 d6 5. Nc3 Bg7 6. Nf3 Nc6 7. h3 a6 8. Bg5 h6 9. Be3 e5 10. dxe5 dxe5 11. Qxd8+ Nxd8 12. Nd5 Ne6 13. Rc1 Ne7 14. Nb6 Rb8 15. Bc4 O-O 16. O-O Nd4 17. Nxd4 exd4 18. Bf4 Be6 19. Bxb8 Bxc4 20. Rxc4 Rxb8 21. Rc7 Nc6 22. Rc8+ Rxc8 23. Nxc8 d3 24. Rd1 Bxb2 25. Rxd3 Nb4 26. Rb3 1-0


[Site "https://www.chess.com"]

[Event "Titled Tuesday Blitz February 28 Late 2023"]
[White "Plenca, Jadranko"]
[Black "Kochetov, Andrey"]
[WhiteFideId "14527146"]
[BlackFideId "24130532"]
[WhiteElo "2491"]
[BlackElo "2477"]
[Result "1-0"]
[Round "05"]
[TimeControl "180+2"]
[Date "2023.02.28"]
[WhiteClock "0:01:11"]
[BlackClock "0:00:07"]

1. e4 c5 2. Nf3 d6 3. Bb5+ Nc6 4. O-O Bd7 5. Re1 a6 6. Bf1 Bg4 7. c3 g6 8. d3 Bg7 9. Nbd2 Nf6 10. h3 Bxf3 11. Nxf3 O-O 12. d4 cxd4 13. cxd4 Nd7 14. Be3 b5 15. Rc1 Rc8 16. a4 Qa5 17. axb5 axb5 18. Qb3 b4 19. Ra1 Qb6 20. Ra6 Qb7 21. Rea1 Ra8 22. d5 Nce5 23. Nxe5 Nxe5 24. Ra7 Rxa7 25. Rxa7 Qc8 26. Rxe7 Nd7 27. Qxb4 Nc5 28. e5 Na6 29. Qxd6 Rd8 30. Qxa6 1-0


[Site "https://www.chess.com"]

[Event "Titled Tuesday Blitz February 28 Late 2023"]
[White "Yeritsyan, Hayk"]
[Black "Gubajdullin, Alexei"]
[WhiteFideId "13307320"]
[BlackFideId "4141202"]
[WhiteElo "2476"]
[BlackElo "2285"]
[Result "0-1"]
[Round "05"]
[TimeControl "180+2"]
[Date "2023.02.28"]
[WhiteClock "0:00:04"]
[BlackClock "0:02:14"]

1. d4 Nf6 2. Nf3 g6 3. Bf4 Bg7 4. h3 O-O 5. e3 d6 6. c3 Nc6 7. Be2 Nd7 8. O-O e5 9. Bh2 f5 10. Na3 g5 11. Nc4 g4 12. hxg4 fxg4 13. Nfd2 exd4 14. cxd4 h5 15. Rc1 Nf6 16. b4 h4 17. Bf4 Ne7 18. g3 Ned5 19. Bg5 hxg3 20. fxg3 Qe8 21. Bd3 b5 22. Nb2 Nxe3 23. Qb3+ Be6 24. Qc3 Nfd5 25. Rxf8+ Qxf8 26. Qa3 Bxd4 27. Kh2 Qf2+ 28. Kh1 Qg2# 0-1


[Site "https://www.chess.com"]

[Event "Titled Tuesday Blitz February 28 Late 2023"]
[White "Risteski, Emil"]
[Black "reevecanada"]
[WhiteFideId "15005267"]
[WhiteElo "2251"]
[BlackElo "2476"]
[Result "1-0"]
[Round "05"]
[TimeControl "180+2"]
[Date "2023.02.28"]
[WhiteClock "0:00:13"]
[BlackClock "0:00:27"]

1. d3 d5 2. Nf3 Nf6 3. Nbd2 e6 4. e4 Be7 5. Be2 c5 6. O-O O-O 7. Re1 b6 8. c3 Bb7 9. e5 Nfd7 10. d4 Nc6 11. Nf1 Re8 12. Ng3 Nf8 13. Bd3 c4 14. Bc2 b5 15. Qd2 a5 16. Qf4 Ng6 17. Qg4 b4 18. Bg5 a4 19. Bxe7 Qxe7 20. a3 bxc3 21. bxc3 Nf8 22. Nh5 Ng6 23. Ng5 Bc8 24. Nf4 Nf8 25. Nh5 Ng6 26. f4 Rb8 27. Qh3 h6 28. Nf3 Bd7 29. Qg4 Na5 30. Bxg6 fxg6 31. Qxg6 Kh8 32. Qg4 Rf8 33. Nh4 Be8 34. f5 exf5 35. Nxf5 Bxh5 36. Qxh5 Qe6 37. Rf1 Nb3 38. Rae1 Nd2 39. Rf4 Ne4 40. Ref1 Kh7 41. h3 g5 42. R4f3 Nd2 43. g4 Nxf3+ 44. Rxf3 Qg6 45. Qxg6+ Kxg6 46. Ne7+ Kh7 47. Rxf8 Rxf8 48. Nxd5 Rb8 49. e6 Kg6 50. Nc7 Kf6 51. d5 Ke7 52. Na6 Rb3 53. Nb4 Rxc3 54. Nc6+ Kf6 55. e7 Kf7 56. d6 Ke8 57. Ne5 Rc1+ 58. Kf2 c3 59. Ke2 c2 60. Kd2 Rd1+ 61. Kxc2 Rxd6 62. Nd3 Kxe7 63. Kc3 Rf6 64. Ne5 Rf7 65. Nxf7 Kxf7 66. Kb4 Ke6 67. Kxa4 Ke5 68. Kb4 Kf4 69. a4 Kg3 70. a5 Kxh3 71. a6 Kh4 72. a7 Kxg4 73. a8=Q Kh5 74. Qg2 Kg6 75. Kc4 h5 76. Kd4 Kh6 77. Ke4 Kg6 78. Ke5 Kh6 79. Kf5 g4 80. Qg3 1-0


[Site "https://www.chess.com"]

[Event "Titled Tuesday Blitz February 28 Late 2023"]
[White "Karamsetty, Jeevan"]
[Black "Saveliev, Alexei"]
[WhiteFideId "2025337"]
[BlackFideId "24128546"]
[WhiteElo "2111"]
[BlackElo "2271"]
[Result "0-1"]
[Round "05"]
[TimeControl "180+2"]
[Date "2023.02.28"]
[WhiteClock "0:00:05"]
[BlackClock "0:01:09"]

1. e4 g6 2. d4 Bg7 3. Nf3 d6 4. Be3 Nc6 5. Be2 Nf6 6. Nbd2 O-O 7. h3 Nd7 8. c3 e5 9. O-O f5 10. Bc4+ Kh8 11. Ng5 f4 12. Ne6 Qe7 13. Nxf8 Qxf8 14. Nf3 fxe3 15. fxe3 Qe7 16. Qe1 Nb6 17. Bb3 Na5 18. Qg3 Nxb3 19. axb3 Be6 20. Ng5 Bg8 21. d5 a6 22. Rf2 Rf8 23. Rxf8 Bxf8 24. Rf1 Bh6 25. h4 Nd7 26. Qg4 Bxg5 27. hxg5 Kg7 28. c4 a5 29. Qh4 b6 30. Qh6+ Kh8 31. g3 Bf7 32. Kg2 Kg8 33. Rh1 Be8 34. Rf1 Nc5 35. Qh3 Bd7 36. Qh4 Nxb3 37. Rf6 Nc5 38. Rf1 a4 39. Rd1 b5 40. cxb5 Bxb5 41. Rh1 Bd3 42. Rc1 Bxe4+ 43. Kh2 Bxd5 44. Qb4 Kg7 45. Qh4 Qf7 46. Qh6+ Kg8 47. Qh3 Qf2+ 0-1


[Site "https://www.chess.com"]

[Event "Titled Tuesday Blitz February 28 Late 2023"]
[White "Klose, Eli"]
[Black "Petrovic, Aleksa"]
[WhiteFideId "16242955"]
[BlackFideId "967629"]
[WhiteElo "2591"]
[BlackElo "2304"]
[Result "0-1"]
[Round "05"]
[TimeControl "180+2"]
[Date "2023.02.28"]
[WhiteClock "0:00:08"]
[BlackClock "0:00:13"]

1. e4 e6 2. Nf3 c5 3. d4 cxd4 4. Nxd4 a6 5. Nc3 Qc7 6. g3 Nf6 7. Bg2 Bb4 8. Bd2 O-O 9. O-O Be7 10. a3 d6 11. Be3 Nbd7 12. Qd2 Ne5 13. b3 Bd7 14. Rac1 Rac8 15. Nb1 Neg4 16. c4 Nxe3 17. Qxe3 Rfd8 18. Nc3 Be8 19. h3 Nd7 20. Rfd1 h6 21. Kh2 Qc5 22. b4 Qc7 23. Bf1 Ne5 24. f4 Ng6 25. f5 Bg5 26. Qf2 Bxc1 27. Rxc1 Nf8 28. h4 Qe7 29. Bh3 Bd7 30. Qe2 Nh7 31. Qd3 Rc7 32. fxe6 fxe6 33. Rf1 Rdc8 34. c5 dxc5 35. bxc5 Rxc5 36. Nce2 Nf6 37. Qb3 Kh8 38. Nxe6 Bxe6 39. Bxe6 Re8 40. Bf5 Rb5 41. Qa2 Qe5 42. Nf4 Rb2+ 43. Kh3 Qxf5+ 44. exf5 Rxa2 45. Rc1 Rxa3 46. Ng6+ Kh7 47. Rc7 Rf3 48. Rxb7 Rxf5 49. Nf4 Rxf4 50. gxf4 Ra8 51. Kg3 a5 52. Rb3 a4 53. Ra3 Ne4+ 54. Kf3 Nd6 55. Ke2 Nb5 56. Ra2 Nc3+ 57. Kd3 Nxa2 0-1


[Site "https://www.chess.com"]

[Event "Titled Tuesday Blitz February 28 Late 2023"]
[White "Vovk, Orest"]
[Black "Sebag, Marie"]
[WhiteFideId "14113490"]
[BlackFideId "617822"]
[WhiteElo "2215"]
[BlackElo "2440"]
[Result "0-1"]
[Round "05"]
[TimeControl "180+2"]
[Date "2023.02.28"]
[WhiteClock "0:00:40"]
[BlackClock "0:01:09"]

1. h4 e5 2. h5 d5 3. h6 Nxh6 4. d4 Nf5 5. dxe5 Nc6 6. Nf3 Be6 7. Nc3 d4 8. Ne4 Qd5 9. Neg5 O-O-O 10. Nxe6 Qxe6 11. a3 Nxe5 12. Nxe5 Qxe5 13. Qd3 Bc5 14. g3 Ne3 15. Rxh7 Rxh7 16. Qxh7 f5 17. Bxe3 dxe3 18. Bh3 Qxb2 19. Qxf5+ Kb8 0-1


[Site "https://www.chess.com"]

[Event "Titled Tuesday Blitz February 28 Late 2023"]
[White "Paszewski, Mateusz"]
[Black "Womacka, Mathias"]
[WhiteFideId "1141058"]
[BlackFideId "4611390"]
[WhiteElo "2223"]
[BlackElo "2377"]
[Result "1/2-1/2"]
[Round "05"]
[TimeControl "180+2"]
[Date "2023.02.28"]
[WhiteClock "0:01:07"]
[BlackClock "0:01:38"]

1. e4 c5 2. Nf3 d6 3. d4 cxd4 4. Nxd4 Nf6 5. Nc3 a6 6. a4 Nc6 7. Nxc6 bxc6 8. a5 e5 9. Bc4 Be6 10. Qe2 d5 11. exd5 cxd5 12. Bxa6 d4 13. Bb5+ Nd7 14. Bxd7+ Qxd7 15. Nb1 Bb4+ 16. Bd2 Bxd2+ 17. Nxd2 Qd5 18. O-O Rxa5 19. Rxa5 Qxa5 20. Nf3 O-O 21. Qxe5 Qxe5 22. Nxe5 Rc8 23. Nf3 Rxc2 24. Nxd4 Rxb2 25. Nxe6 fxe6 26. Rc1 1/2-1/2


[Site "https://www.chess.com"]

[Event "Titled Tuesday Blitz February 28 Late 2023"]
[White "Manelyuk, Daniil"]
[Black "Dudzinski, Pawel"]
[WhiteFideId "44173920"]
[BlackFideId "1117890"]
[WhiteElo "2259"]
[BlackElo "2099"]
[Result "1-0"]
[Round "05"]
[TimeControl "180+2"]
[Date "2023.02.28"]
[WhiteClock "0:00:40"]
[BlackClock "0:00:30"]

1. e4 c6 2. d4 d5 3. e5 c5 4. dxc5 e6 5. a3 Bxc5 6. Bd3 Nd7 7. Nf3 Ne7 8. b4 Bb6 9. Bb2 Ng6 10. O-O O-O 11. Nbd2 Nf4 12. Re1 Nxd3 13. cxd3 a5 14. Nb3 Qe7 15. Qd2 a4 16. Nbd4 Nb8 17. Nb5 Bd7 18. Nd6 Ra7 19. Bd4 Bxd4 20. Nxd4 f6 21. f4 fxe5 22. fxe5 Nc6 23. Nxc6 Bxc6 24. Qe3 Raa8 25. b5 Be8 26. Rac1 Bg6 27. b6 Rad8 28. Rc7 Rd7 29. Rec1 Rfd8 30. Nxb7 d4 31. Qxd4 Rxc7 32. bxc7 Rxd4 33. c8=Q+ Qe8 34. Nd6 Qf8 35. Qxe6+ Bf7 36. Nxf7 Rd8 37. Nxd8+ 1-0


[Site "https://www.chess.com"]

[Event "Titled Tuesday Blitz February 28 Late 2023"]
[White "Przybylski, Wojciech"]
[Black "benny_aizenberg"]
[WhiteFideId "1117599"]
[WhiteElo "2222"]
[BlackElo "2580"]
[Result "0-1"]
[Round "05"]
[TimeControl "180+2"]
[Date "2023.02.28"]
[WhiteClock "0:00:02"]
[BlackClock "0:00:06"]

1. d4 f5 2. e4 fxe4 3. Nc3 Nf6 4. Bg5 Nc6 5. d5 Ne5 6. Qd4 Nf7 7. Bf4 c5 8. dxc6 bxc6 9. Nxe4 e5 10. Nxf6+ Qxf6 11. Bxe5 Qxe5+ 12. Qxe5+ Nxe5 13. O-O-O Kf7 14. h4 d5 15. f3 Bc5 16. Kd2 Rb8 17. b3 Re8 18. Nh3 Bxh3 19. Rxh3 a5 20. h5 a4 21. Rh4 a3 22. Re1 Bf2 23. Rf4+ Kg8 24. Re2 Bg3 25. Ra4 Ra8 26. Rb4 Reb8 27. Rd4 Nf7 28. Re6 Nd8 29. Re7 Bd6 30. Rd7 Be5 31. Rg4 Rb7 32. Rxb7 Nxb7 33. Rb4 Nd6 34. Rb6 c5 35. Ke3 Nf5+ 36. Kf2 Bd4+ 37. Ke1 Re8+ 38. Kd2 c4 39. Rb4 c3+ 40. Kd1 Bf2 41. Be2 Ne3+ 42. Kc1 Nxg2 43. Kd1 Ne3+ 44. Kc1 Nf5 45. Kd1 Ng3 46. Rb8 Rxb8 47. Bd3 Re8 48. Be4 dxe4 49. fxe4 Rxe4 50. h6 Re1# 0-1


[Site "https://www.chess.com"]

[Event "Titled Tuesday Blitz February 28 Late 2023"]
[White "Mujumdar, Sameer"]
[Black "Krallis, Christos"]
[WhiteFideId "2029707"]
[BlackFideId "4298896"]
[WhiteElo "2104"]
[BlackElo "2243"]
[Result "1-0"]
[Round "05"]
[TimeControl "180+2"]
[Date "2023.02.28"]
[WhiteClock "0:01:43"]
[BlackClock "0:00:27"]

1. e4 d6 2. d4 Nf6 3. Nc3 c6 4. f3 e5 5. dxe5 dxe5 6. Qxd8+ Kxd8 7. Bc4 Be6 8. Bxe6 fxe6 9. Nh3 h6 10. Nf2 Kc7 11. Nd3 Nfd7 12. Be3 b5 13. O-O-O a5 14. Rd2 a4 15. Rhd1 b4 16. Ne2 Na6 17. b3 axb3 18. cxb3 Nac5 19. Rc2 Nxd3+ 20. Rxd3 Nb6 21. f4 g5 22. fxe5 Bg7 23. Nd4 Bxe5 24. Nxc6 Bc3 25. Nxb4 1-0


[Site "https://www.chess.com"]

[Event "Titled Tuesday Blitz February 28 Late 2023"]
[White "The_Sherman_Variation"]
[Black "Pinheiro, Iung Alicio de O."]
[BlackFideId "2104350"]
[WhiteElo "2454"]
[BlackElo "2283"]
[Result "0-1"]
[Round "05"]
[TimeControl "180+2"]
[Date "2023.02.28"]
[WhiteClock "0:01:19"]
[BlackClock "0:01:08"]

1. Nf3 c5 2. c4 g6 3. g3 Bg7 4. Bg2 Nc6 5. Nc3 d6 6. O-O Be6 7. b3 Qc8 8. Bb2 Bh3 9. Na4 Nf6 10. d4 cxd4 11. Nxd4 h5 12. Nf3 h4 13. Qd2 hxg3 14. fxg3 Bxg2 15. Kxg2 Qh3+ 16. Kg1 Ne4 17. Qf4 Bxb2 18. Nxb2 f5 19. Nh4 Nd4 20. Qe3 Rxh4 21. Rf2 Nxf2 22. Qxf2 Re4 0-1


[Site "https://www.chess.com"]